 Dungeon Crawl Stone Soup version 0.26-a0-23-g3ae7099 (webtiles) character file.

Game seed: 7970219926601225294, levelgen mode: deterministic

0 thirtiethelement the Skirmisher (level 1, -32/23 HPs)
             Began as a Gnoll Abyssal Knight on May 27, 2020.
             Was a Follower of Lugonu.
             Killed from afar by a blizzard demon (37 damage)
             ... with a bolt of lightning
             ... on level 3 of the Abyss.
             The game lasted 00:00:54 (122 turns).

thirtiethelement the Skirmisher (GnAK)               Turns: 122, Time: 00:00:57

Health: -32/23     AC:  3    Str: 14    XL:     1   Next: 0%
Magic:  3/3        EV: 12    Int: 14    God:    Lugonu [*.....]
Gold:   0          SH:  0    Dex: 14    Spells: 0/0 levels left

rFire    . . .     SeeInvis .   a - +1 hand axe
rCold    . . .     Gourm    .   (no shield)
rNeg     . . .     Faith    .   b - +0 leather armour
rPois    .         Spirit   .   (no helmet)
rElec    .         Reflect  .   (no cloak)
rCorr    .         Harm     .   (no gloves)
MR       .....                  (no boots)
Stlth    +.........             (no amulet)
HPRegen  0.00/turn              (no ring)
MPRegen  0.08/turn              (no ring)

@: non-regenerating, mildly diseased
A: distributed training, fangs 1, strong nose
a: Depart the Abyss, Renounce Religion


You were on level 3 of the Abyss.
You worshipped Lugonu.
Lugonu was aware of your devotion.
You were not hungry.

You visited 0 branches of the dungeon, and saw 0 of its levels.
You visited the Abyss 1 time.

Inventory:

Hand Weapons
 a - a +1 hand axe (weapon)
Armour
 b - a +0 leather armour (worn)
Potions
 d - a potion of degeneration {unknown}
Comestibles
 c - a ration


   Skills:
 + Level 6.4 Fighting
 + Level 0.0 Short Blades
 + Level 0.0 Long Blades
 + Level 4.4 Axes
 + Level 0.0 Maces & Flails
 + Level 0.0 Polearms
 + Level 0.0 Staves
 + Level 0.0 Slings
 + Level 0.0 Bows
 + Level 0.0 Crossbows
 + Level 0.0 Throwing
 + Level 4.4 Armour
 + Level 2.3 Dodging
 + Level 0.0 Stealth
 + Level 0.0 Shields
 + Level 0.0 Unarmed Combat
 + Level 0.0 Spellcasting
 + Level 0.0 Conjurations
 + Level 0.0 Hexes
 + Level 0.0 Charms
 + Level 0.0 Summonings
 + Level 0.0 Necromancy
 + Level 0.0 Translocations
 + Level 0.0 Transmutations
 + Level 0.0 Fire Magic
 + Level 0.0 Ice Magic
 + Level 0.0 Air Magic
 + Level 0.0 Earth Magic
 + Level 0.0 Poison Magic
 + Level 4.4 Invocations
 + Level 0.0 Evocations


You couldn't memorise any spells.
You didn't know any spells.
Your spell library was empty.

Dungeon Overview and Level Annotations

Branches:
Dungeon (0/15)

Altars:


Innate Abilities, Weirdness & Mutations

Your experience applies equally to all skills.
You have very sharp teeth.
Your uncanny sense of smell can sniff out nearby items.


Message History

You see here a flail.
e - a scroll labeled WUNOMU BAMOIL
As you read the scroll labeled WUNOMU BAMOIL, it crumbles to dust.
The air around you briefly surges with heat, but it dissipates.
It was a scroll of immolation. 2 lightning spires come into view.
The lightning spire shoots out a bolt of lightning at you!
The bolt of electricity hits you!
* * * LOW HITPOINT WARNING * * *
You hear a bark!
You hear a shout!
A blizzard demon comes into view.
You hear a roar!
You hear a bark!
A lightning spire and a blizzard demon come into view.
The blizzard demon shouts!
The blizzard demon gestures at you.
The bolt of lightning hits the lightning spire.
The lightning spire completely resists.
The bolt of lightning hits you!!!
Ouch! That really hurt!
You die...

#......#...#.....#
###....). #
....##.#
#....##.##.. ....#
###....#..# ##.. .
#........#.###
...# #....#....#..
.. #.#.###....#.##
#. #.##....##... #
#.#..@.####... .
#.##....# # . #.≈
≈≈..# ##≈ ≈≈..# #≈
≈≈#.# .8 .8.## .2
∆≈2.. .8#.


You could see a blizzard demon and 2 lightning spires.

Vanquished Creatures (others)
  2 starspawn tentacles (Abyss:1)
2 creatures vanquished.

Notes
Turn   | Place    | Note
-------+----------+-------------------------------------------
     0 | Abyss:1  | thirtiethelement the Gnoll Abyssal Knight began the quest
                  | for the Orb.
     0 | Abyss:1  | Reached XP level 1. HP: 23/23 MP: 3/3
    52 | Abyss:1  | Noticed a starcursed mass
    81 | Abyss:1  | Noticed a tentacled starspawn
    91 | Abyss:2  | Noticed an ancient zyme
   120 | Abyss:3  | Noticed a lightning spire
   120 | Abyss:3  | Noticed a lightning spire
   121 | Abyss:3  | Noticed a blizzard demon
   122 | Abyss:3  | Noticed a blizzard demon
   122 | Abyss:3  | Noticed a lightning spire
   122 | Abyss:3  | Killed from afar by a blizzard demon

Illustrated notes

Levels and vault maps discovered:
Abyss:3:  evilmike_abyss_exit_16, dshaligram_kb_abyss_rune_zappy_water_cross

Action                   || total
-------------------------++-------
  Use: Scroll            ||     1

Table legend:
 A = Non-vault XP
 B = Vault XP
 C = Vault XP percentage of total XP
 D = Non-vault monster count
 E = Vault monster count
 F = Vault count percentage of total count
                 A         B        C        D         E       F
            +---------+---------+-------+---------+---------+-------
      Total |       0 |       0 |   N/A |       0 |       0 |  -nan
            +---------+---------+-------+---------+---------+-------
            +---------+---------+-------+---------+---------+-------
